 Dungeon Sprint DCSS version 0.17-a0-1447-g3d113ad (webtiles) character file.

81 pulse the Covered (level 4, -4/40 HPs)
             Began as a Formicid Fighter on June 30, 2015.
             Killed from afar by an oklob sapling priest (8 damage)
             ... with a splash of acid
             ... in the Dungeon (Sprint IV: "Fedhas' Mad Dash").
             The game lasted 00:00:58 (342 turns).

pulse the Covered (Formicid Fighter)                 Turns: 342, Time: 00:00:59

Health: -4/40      AC:  3    Str: 27    XL:     4   Next: 67%
Magic:  3/4        EV:  9    Int:  7    God:
Gold:   36         SH: 11    Dex: 10    Spells: 0 memorised, 3 levels left

rFire  . . .     SeeInvis +     a - +0 war axe
rCold  . . .     Clarity  .     b - +0 scale mail
rNeg   . . .     SustAt   .     c - +0 shield
rPois  .         Gourm    .     (helmet unavailable)
rElec  .         Spirit   .     (no cloak)
rCorr  .         Warding  .     (no gloves)
rMut   .         Stasis   +     (no boots)
MR     .....                    (no amulet)
Stlth  ..........               (no ring)
                                l - ring of invisibility

@: mighty, corroded equipment, very slightly contaminated, not resistant to
hostile enchantments, extremely unstealthy
A: permanent stasis, dig shafts and tunnels, four strong arms, antennae 3
a: Dig, Evoke Invisibility


You were in the Dungeon.
You were not hungry.

You visited 1 branch You collected 36 gold pieces.

Inventory:

Hand weapons
 a - a +0 war axe (weapon)
Armour
 b - a +0 scale mail (worn)
 c - a +0 shield (worn)
Jewellery
 l - a ring of invisibility (left hand)
Scrolls
 d - a scroll of fear {unknown}
 k - a scroll of blinking
Potions
 f - a potion of curing
 g - a potion of heal wounds
 h - a potion of haste
 i - 2 potions of magic
 j - a potion of berserk rage
Comestibles
 e - a bread ration


   Skills:
 + Level 5.6 Fighting
 + Level 2.8 Axes
 + Level 6.5 Armour
 + Level 0.1 Dodging
 + Level 6.3 Shields


You had 3 spell levels left.
You didn't know any spells.

Dungeon Overview and Level Annotations

Branches:
Dungeon (1/1)

Altars:
Cheibriados
Dithmenos
Elyvilon
Gozag
Kikubaaqudgha
Makhleb
Nemelex Xobeh
Okawaru
Ru
Sif Muna
Trog
Vehumet
Xom
Yredelemnul
Zin
The Shining One
Beogh
Jiyva
Lugonu

Annotations:
D exclusion: oklob sapling


Innate Abilities, Weirdness & Mutations

You are under a permanent stasis effect.
You can dig through walls and to a lower floor.
Your four strong arms can wield two-handed weapons with a shield.
You have a pair of large antennae on your head (SInv).


Message History

You flicker for a moment.
Found nine altars.
Found a burning altar of Makhleb and a sacrificial altar of Ru.
There is an open door here.
Found two altars.
Found a shadowy altar of Dithmenos.
There is a snail-covered altar of Cheibriados here.
Found an iron altar of Okawaru and a shimmering altar of Xom.
You flicker back into view.
Found an opulent altar of Gozag.
There is a glowing silver altar of Zin here.
Found a basalt altar of Yredelemnul and a roughly hewn altar of Beogh.
You slash the oklob sapling priest!
The oklob sapling priest is heavily damaged.
The oklob sapling priest spits acid at you.
The splash of acid hits you! The acid corrodes you!
The acid burns!
* * * LOW HITPOINT WARNING * * *
The oklob sapling priest spits acid at you.
The splash of acid hits you!
You die...

########################
.÷...#....$#.⌠.........⌠
.[...'†#$..'._._@_._._._
.....#.#...#_._._P_._._.
#########'##._._._._._._
+...#.⌠...._....⌠
#$.$############# #####
{ { { {


You could see an oklob sapling priest.

Vanquished Creatures
  2 oklob saplings (D)
  A worker ant (D)
  A river rat (D)
  A rat (D)
5 creatures vanquished.

Notes
Turn   | Place    | Note
--------------------------------------------------------------
     0 | D        | pulse the Formicid Fighter began the quest for the Orb.
     0 | D        | Reached XP level 1. HP: 18/18 MP: 1/1
    13 | D        | Reached skill level 4 in Fighting
    13 | D        | Reached XP level 2. HP: 2/25 MP: 2/2
   307 | D        | Noticed an oklob sapling
   308 | D        | Noticed a worker ant
   308 | D        | Killed an oklob sapling
   308 | D        | Reached skill level 5 in Armour
   308 | D        | Reached skill level 5 in Shields
   308 | D        | Reached XP level 3. HP: 13/32 MP: 3/3
   310 | D        | Killed a worker ant
   310 | D        | Reached skill level 5 in Fighting
   310 | D        | Reached XP level 4. HP: 15/39 MP: 4/4
   326 | D        | Noticed an oklob sapling
   329 | D        | Killed an oklob sapling
   329 | D        | Reached skill level 6 in Armour
   335 | D        | Found a snail-covered altar of Cheibriados.
   335 | D        | Found a glowing silver altar of Zin.
   335 | D        | Found a white marble altar of Elyvilon.
   335 | D        | Found a viscous altar of Jiyva.
   335 | D        | Found a radiant altar of Vehumet.
   335 | D        | Found a deep blue altar of Sif Muna.
   335 | D        | Found an ancient bone altar of Kikubaaqudgha.
   335 | D        | Found a bloodstained altar of Trog.
   335 | D        | Found a corrupted altar of Lugonu.
   335 | D        | Noticed an oklob sapling priest
   336 | D        | Found a burning altar of Makhleb.
   336 | D        | Found a sacrificial altar of Ru.
   337 | D        | Found a glowing golden altar of the Shining One.
   337 | D        | Found a sparkling altar of Nemelex Xobeh.
   338 | D        | Found a shadowy altar of Dithmenos.
   339 | D        | Found an iron altar of Okawaru.
   339 | D        | Found a shimmering altar of Xom.
   340 | D        | Found an opulent altar of Gozag.
   341 | D        | Found a basalt altar of Yredelemnul.
   341 | D        | Found a roughly hewn altar of Beogh.
   342 | D        | Killed from afar by an oklob sapling priest

Vault maps used:
D:        dungeon_sprint_fedhas

Action                   |  1- 3 |  4- 6 || total
-------------------------+-------+-------++-------
Melee: War axe           |    11 |     2 ||    13
 Abil: Evoke Invisibilit |       |     1 ||     1
  Use: Potion            |     1 |       ||     1
